3AAA
GRYFINDOR BRAVES @ PORT ROYAL DISASTER
08/29/2034
 
TOP OF THE 1ST
Gryfindor Braves batting - Pitching for Port Royal Disaster : RHP Jason Starkey
Pitching: RHP Jason Starkey
Batting: LHB Tyler Knopp 0-0: Ball
1-0: Ball
2-0: Called Strike
2-1: Swinging Strike
2-2: Strikes out swinging
Batting: RHB Javier López 0-0: Called Strike
0-1: Foul Ball, location: 2F
0-2: Fly out, F7 (Flyball, 7D)
Batting: RHB Akke Derksen 0-0: DOUBLE (Groundball, 3L)
Batting: LHB Robby Young 0-0: Called Strike
0-1: Ball
1-1: Ball
2-1: Foul Ball, location: 2F
2-2: SINGLE (Groundball, 4D)
Akke Derksen to third
Runner from 3rd tries for Home, SAFE, no throw
Batting: LHB Austin Hathaway 0-0: Swinging Strike
0-1: Ball
1-1: Called Strike
1-2: Ball
2-2: Ball
3-2: Base on Balls
Robby Young to second
Batting: LHB Cris Gonzáles 0-0: Ball
1-0: Ball
2-0: Called Strike
2-1: Fly out, F8 (Flyball, 8LM)
Top of the 1st over - 1 run, 2 hits, 0 errors, 2 left on base; Gryfindor 1 - Port Royal 0
BOTTOM OF THE 1ST
Port Royal Disaster batting - Pitching for Gryfindor Braves : LHP Jorge Cedeño
Pitching: LHP Jorge Cedeño
Batting: RHB Wrangler Haresnape 0-0: Ball
1-0: Ball
2-0: Ball
3-0: Called Strike
3-1: Base on Balls
Batting: RHB John Burton 0-0: Fly out, F6 (Popup, P)
Batting: RHB Michael Brannon 0-0: Called Strike
0-1: Ball
1-1: Ball
2-1: Ball
3-1: Foul Ball, location: 2F
3-2: Foul Ball, location: 2F
3-2: Fly out, F3 (Popup, 3F)
Batting: SHB Tony Manzanares 0-0: SINGLE (Line Drive, 8LS)
Wrangler Haresnape to second
Runner from 2nd tries for 3rd, OUT after rundown.
Bottom of the 1st over - 0 runs, 1 hit, 0 errors, 1 left on base; Gryfindor 1 - Port Royal 0
TOP OF THE 2ND
Gryfindor Braves batting - Pitching for Port Royal Disaster : RHP Jason Starkey
Batting: RHB Randy Rehling 0-0: Ball
1-0: Ground out 6-3 (Groundball, 6)
Batting: RHB Bob Petiet 0-0: Called Strike
0-1: Called Strike
0-2: Foul Ball, location: 2F
0-2: Foul Ball, location: 2F
0-2: Ball
1-2: Ball
2-2: Ball
3-2: Strikes out looking
Batting: RHB Ernesto Souza 0-0: Called Strike
0-1: Foul Ball, location: 2F
0-2: Ball
1-2: Foul Ball, location: 2F
1-2: Foul Ball, location: 2F
1-2: Strikes out swinging, 2-3 out at first.
Top of the 2nd over - 0 runs, 0 hits, 0 errors, 0 left on base; Gryfindor 1 - Port Royal 0
BOTTOM OF THE 2ND
Port Royal Disaster batting - Pitching for Gryfindor Braves : LHP Jorge Cedeño
Batting: RHB Anson Darrah 0-0: SINGLE (Groundball, 34D)
Batting: SHB Júlio Morín Jr. 0-0: Fly out, F9 (Flyball, 9LS)
Batting: LHB Ricky Payton 0-0: Fly out, F7 (Line Drive, 78M)
Batting: RHB Richard Cutshall 0-0: Ball
Anson Darrah steals 2nd base
1-0: Ground out U3 (Groundball, 34S)
Bottom of the 2nd over - 0 runs, 1 hit, 0 errors, 1 left on base; Gryfindor 1 - Port Royal 0
TOP OF THE 3RD
Gryfindor Braves batting - Pitching for Port Royal Disaster : RHP Jason Starkey
Batting: LHB Tyler Knopp 0-0: Ball
1-0: Called Strike
1-1: Foul Ball, location: 2F
1-2: DOUBLE (Groundball, 3L)
Batting: RHB Javier López 0-0: SINGLE (Line Drive, 34D)
Tyler Knopp to third
Batting: RHB Akke Derksen 0-0: Ball
1-0: Ball
2-0: Fielders Choice at 2nd, 4-6 (Groundball, 4)
Tyler Knopp scores
Batting: LHB Robby Young 0-0: Called Strike
0-1: Ball
1-1: Called Strike
1-2: Ball
Akke Derksen is caught stealing 2nd base
2-2: Ball
3-2: Strikes out looking
Top of the 3rd over - 1 run, 2 hits, 0 errors, 0 left on base; Gryfindor 2 - Port Royal 0
BOTTOM OF THE 3RD
Port Royal Disaster batting - Pitching for Gryfindor Braves : LHP Jorge Cedeño
Batting: RHB Steve Bock 0-0: Ball
1-0: Ground out 5-3 (Groundball, 5S)
Batting: RHB Wrangler Haresnape 0-0: Called Strike
0-1: Ball
1-1: Ball
2-1: SINGLE (Line Drive, 6D)
Batting: RHB John Burton 0-0: Foul Ball, location: 2F
0-1: Fly out, F7 (Flyball, 78S)
Batting: RHB Michael Brannon 0-0: Ball
1-0: Ball
2-0: Called Strike
2-1: Called Strike
2-2: Strikes out swinging, 2-3 out at first.
Bottom of the 3rd over - 0 runs, 1 hit, 0 errors, 1 left on base; Gryfindor 2 - Port Royal 0
TOP OF THE 4TH
Gryfindor Braves batting - Pitching for Port Royal Disaster : RHP Jason Starkey
Batting: LHB Austin Hathaway 0-0: Fly out, F6 (Line Drive, 6M)
Batting: LHB Cris Gonzáles 0-0: Called Strike
0-1: Ball
1-1: Foul Ball, location: 2F
1-2: Strikes out looking
Batting: RHB Randy Rehling 0-0: Ball
1-0: Ball
2-0: Fly out, F9 (Flyball, 89S)
Top of the 4th over - 0 runs, 0 hits, 0 errors, 0 left on base; Gryfindor 2 - Port Royal 0
BOTTOM OF THE 4TH
Port Royal Disaster batting - Pitching for Gryfindor Braves : LHP Jorge Cedeño
Batting: SHB Tony Manzanares 0-0: SINGLE (Line Drive, 56D)
Batting: RHB Anson Darrah 0-0: Foul Ball, location: 2F
0-1: Ball
1-1: SINGLE (Line Drive, 4M)
Tony Manzanares to second
Batting: SHB Júlio Morín Jr. 0-0: Ball
1-0: Ball
2-0: Foul Ball, location: 2F
2-1: Foul Ball, location: 2F
2-2: Foul Ball, location: 2F
2-2: Ball
3-2: Foul Ball, location: 2F
3-2: Foul Ball, location: 2F
3-2: Grounds into double play, 5-4-3 (Groundball, 5)
Tony Manzanares to third
Batting: LHB Ricky Payton 0-0: Ground out U3 (Groundball, 3L)
Bottom of the 4th over - 0 runs, 2 hits, 0 errors, 1 left on base; Gryfindor 2 - Port Royal 0
TOP OF THE 5TH
Gryfindor Braves batting - Pitching for Port Royal Disaster : RHP Jason Starkey
Batting: RHB Bob Petiet 0-0: Ball
1-0: SINGLE (Groundball, 56D)
Batting: RHB Ernesto Souza 0-0: Called Strike
0-1: Sac Bunt - play at first, batter OUT! 5-3
Bob Petiet to second
Batting: LHB Tyler Knopp 0-0: Foul Ball, location: 2F
0-1: Ball
1-1: Called Strike
1-2: Ball
2-2: Foul Ball, location: 2F
2-2: Ball
3-2: Reached on error, E5 (Groundball, 5)
Bob Petiet scores
Batting: RHB Javier López 0-0: Ball
1-0: Ball
2-0: Ball
3-0: Base on Balls
Batting: RHB Akke Derksen 0-0: Called Strike
0-1: Ball
1-1: Ball
2-1: Foul Ball, location: 2F
2-2: Fly out, F7 (Line Drive, 7LD)
Batting: LHB Robby Young 0-0: Fly out, F5 (Popup, 5S)
Top of the 5th over - 1 run, 1 hit, 1 error, 2 left on base; Gryfindor 3 - Port Royal 0
BOTTOM OF THE 5TH
Port Royal Disaster batting - Pitching for Gryfindor Braves : LHP Jorge Cedeño
Batting: RHB Richard Cutshall 0-0: Foul Ball, location: 2F
0-1: Ball
1-1: Swinging Strike
1-2: Ball
2-2: Foul Ball, location: 2F
2-2: Fly out, F8 (Flyball, 8LS)
Batting: RHB Steve Bock 0-0: Ball
1-0: Called Strike
1-1: Called Strike
1-2: Strikes out looking
Batting: RHB Wrangler Haresnape 0-0: Ball
1-0: Ball
2-0: Foul Ball, location: 2F
2-1: Called Strike
2-2: Ball
3-2: Foul Ball, location: 2F
3-2: Ground out 5-3 (Groundball, 56)
Bottom of the 5th over - 0 runs, 0 hits, 0 errors, 0 left on base; Gryfindor 3 - Port Royal 0
TOP OF THE 6TH
Gryfindor Braves batting - Pitching for Port Royal Disaster : RHP Jason Starkey
Batting: LHB Austin Hathaway 0-0: Called Strike
0-1: Ball
1-1: Fly out, F6 (Line Drive, 4M)
Pitching: RHP Will Moore
Batting: LHB Cris Gonzáles 0-0: Foul Ball, location: 2F
0-1: Ball
1-1: Foul Ball, location: 2F
1-2: Ball
2-2: Ball
3-2: Fly out, F1 (Line Drive, 15)
Batting: RHB Randy Rehling 0-0: Ball
1-0: Foul Ball, location: 2F
1-1: Foul Ball, location: 2F
1-2: Ball
2-2: Ball
3-2: Fly out, F7 (Flyball, 7LSF)
Top of the 6th over - 0 runs, 0 hits, 0 errors, 0 left on base; Gryfindor 3 - Port Royal 0
BOTTOM OF THE 6TH
Port Royal Disaster batting - Pitching for Gryfindor Braves : LHP Jorge Cedeño
Batting: RHB John Burton 0-0: Foul Ball, location: 2F
0-1: Called Strike
0-2: Ball
1-2: Ball
2-2: Ball
3-2: Fly out, F8 (Flyball, 8LS)
Batting: RHB Michael Brannon 0-0: Ball
1-0: Ball
2-0: Ball
3-0: Base on Balls
Batting: SHB Tony Manzanares 0-0: Ball
1-0: Foul Ball, location: 2F
1-1: Fly out, F5 (Popup, 56)
Batting: RHB Anson Darrah 0-0: Ball
1-0: Foul Ball, location: 2F
1-1: Called Strike
1-2: Ball
2-2: Foul Ball, location: 2F
2-2: TRIPLE (Flyball, 89XD)
Michael Brannon scores
Batting: SHB Júlio Morín Jr. 0-0: Called Strike
0-1: Called Strike
0-2: Foul Ball, location: 2F
0-2: Ball
1-2: Foul Ball, location: 2F
1-2: Foul Ball, location: 2F
1-2: Ball
2-2: Fly out, F3 (Popup, 3SF)
Bottom of the 6th over - 1 run, 1 hit, 0 errors, 1 left on base; Gryfindor 3 - Port Royal 1
TOP OF THE 7TH
Gryfindor Braves batting - Pitching for Port Royal Disaster : RHP Will Moore
Batting: RHB Bob Petiet 0-0: Called Strike
0-1: Ball
1-1: Ball
2-1: Foul Ball, location: 2F
2-2: Ground out 6-3 (Groundball, 6)
Batting: RHB Ernesto Souza 0-0: Called Strike
0-1: Swinging Strike
0-2: Ball
1-2: Ball
2-2: Strikes out swinging, 2-3 out at first.
Batting: LHB Tyler Knopp 0-0: Called Strike
0-1: Ball
1-1: Swinging Strike
1-2: Ball
2-2: Ground out 6-3 (Groundball, 6)
Top of the 7th over - 0 runs, 0 hits, 0 errors, 0 left on base; Gryfindor 3 - Port Royal 1
BOTTOM OF THE 7TH
Port Royal Disaster batting - Pitching for Gryfindor Braves : LHP Jorge Cedeño
Batting: LHB Ricky Payton 0-0: Ball
1-0: Ground out 6-3 (Groundball, 6)
Batting: RHB Richard Cutshall 0-0: Fly out, F5 (Flyball, 5D)
Batting: RHB Steve Bock 0-0: Ball
1-0: Ground out 6-3 (Groundball, 6)
Bottom of the 7th over - 0 runs, 0 hits, 0 errors, 0 left on base; Gryfindor 3 - Port Royal 1
TOP OF THE 8TH
Gryfindor Braves batting - Pitching for Port Royal Disaster : RHP Will Moore
Batting: RHB Javier López 0-0: Foul Ball, location: 2F
0-1: Ball
1-1: Swinging Strike
1-2: Ball
2-2: Foul Ball, location: 2F
2-2: Strikes out swinging
Batting: RHB Akke Derksen 0-0: SINGLE (Line Drive, 89S)
Batting: LHB Robby Young 0-0: Ball
1-0: Foul Ball, location: 2F
1-1: Foul Ball, location: 2F
1-2: Strikes out looking
Batting: LHB Austin Hathaway 0-0: Ball
1-0: Fly out, F9 (Flyball, 9S)
Top of the 8th over - 0 runs, 1 hit, 0 errors, 1 left on base; Gryfindor 3 - Port Royal 1
BOTTOM OF THE 8TH
Port Royal Disaster batting - Pitching for Gryfindor Braves : LHP Jorge Cedeño
Batting: RHB Wrangler Haresnape 0-0: Swinging Strike
0-1: Ball
1-1: Fly out, F7 (Line Drive, 7D)
Batting: RHB John Burton 0-0: Called Strike
0-1: SINGLE (Groundball, 15) (infield hit)
Batting: RHB Michael Brannon 0-0: Ball
1-0: Ball
2-0: Fly out, F9 (Line Drive, 9LM)
Batting: SHB Tony Manzanares 0-0: Ball
1-0: Swinging Strike
1-1: Called Strike
1-2: Ball
2-2: Ball
3-2: Foul Ball, location: 2F
3-2: Foul Ball, location: 2F
3-2: Foul Ball, location: 2F
3-2: Base on Balls
John Burton to second
Pitching: RHP Denver Milne
Batting: RHB Anson Darrah 0-0: Ball
1-0: Swinging Strike
1-1: Called Strike
1-2: Foul Ball, location: 2F
1-2: Strikes out looking
Bottom of the 8th over - 0 runs, 1 hit, 0 errors, 2 left on base; Gryfindor 3 - Port Royal 1
TOP OF THE 9TH
Gryfindor Braves batting - Pitching for Port Royal Disaster : RHP Will Moore
Pitching: RHP Chenor Njie
Batting: LHB Cris Gonzáles 0-0: Called Strike
0-1: Fly out, F9 (Flyball, 89M)
Batting: RHB Randy Rehling 0-0: Foul Ball, location: 2F
0-1: Ball
1-1: Called Strike
1-2: Ball
2-2: Foul Ball, location: 2F
2-2: Foul Ball, location: 2F
2-2: Foul Ball, location: 2F
2-2: Ball
3-2: Foul Ball, location: 2F
3-2: Strikes out swinging
Batting: RHB Bob Petiet 0-0: Fly out, F7 (Flyball, 7S)
Top of the 9th over - 0 runs, 0 hits, 0 errors, 0 left on base; Gryfindor 3 - Port Royal 1
BOTTOM OF THE 9TH
Port Royal Disaster batting - Pitching for Gryfindor Braves : RHP Denver Milne
Batting: SHB Júlio Morín Jr. 0-0: Called Strike
0-1: Ball
1-1: Swinging Strike
1-2: Ground out 6-3 (Groundball, 6)
Batting: LHB Ricky Payton 0-0: Ball
1-0: Foul Ball, location: 2F
1-1: SINGLE (Groundball, 34D)
Batting: RHB Richard Cutshall 0-0: Called Strike
0-1: Swinging Strike
0-2: Strikes out swinging
Pinch Hitting: LHB Guillermo Arellano 0-0: Ball
1-0: Ground out 4-3 (Groundball, 4)
Bottom of the 9th over - 0 runs, 1 hit, 0 errors, 1 left on base; Gryfindor 3 - Port Royal 1
Friday, March 29th, 2019 - OOTP Baseball 18.8 Build 76